[Event "GCT 11th Sinquefield Cup 2024"]
[Site "Saint Louis"]
[Date "2024.08.19"]
[Round "1.2"]
[White "Praggnanandhaa R"]
[Black "Abdusattorov, Nodirbek"]
[Result "1/2-1/2"]
[ECO "C42"]
[WhiteElo "2749"]
[BlackElo "2762"]
[Annotator "TA"]
[PlyCount "71"]
[EventDate "2024.08.09"]
[EventType "tourn"]
[EventCountry "USA"]
[SourceTitle "playchess.com"]
[Source "ChessBase"]
[SourceQuality "1"]
[TimeControl "40/5400+30:1800+30"]

1. e4 e5 2. Nf3 Nf6 3. Nxe5 d6 4. Nf3 Nxe4 5. Nc3 Nxc3 6. dxc3 Nc6 7. Be3 Be7 8. Qd3 Be6 9. O-O-O a6 10. Kb1 O-O 11. h3 Ne5 12. Qe4 Nxf3 13. Bd3 ({But not} 13. gxf3 d5 14. Qd3 b5 $11) 13... g6 14. Qxf3 c6 {[%emt 0:00:07] [#]} 15. h4 $1 Qa5 $1 16. a3 Qd5 17. h5 Qxf3 (17... Qa2+ 18. Kc1 g5 (18... Qa1+ 19. Kd2 $18) 19. Bd4 $16) 18. gxf3 Bf6 19. f4 Rfe8 20. hxg6 fxg6 {[%emt 0:00:12] [#]} 21. f5 $1 gxf5 22. Rh5 Re7 23. Bxf5 Bxf5 24. Rxf5 Be5 25. c4 Rae8 26. Rh1 Rg7 27. Rfh5 Ree7 {[%emt 0:01:20] The position is equal.} 28. Ka2 Rg4 29. Kb3 Bf4 30. Bxf4 Rxf4 $11 {[%emt 0:00:10][%mdl 4096] Endgame. KRR-KRR} 31. R1h2 Ref7 32. Rg5+ Kf8 33. Rgh5 Kg8 34. Rg5+ Kf8 35. Rgh5 Kg8 36. Rg5+ {[%emt 0:00:26] Weighted Error Value: White=0.02 (flawless) /Black=0.03 (flawless) .  OK:         	White=17    	Black=13     Strong:       	---       	Black=1} 1/2-1/2

[Event "GCT 11th Sinquefield Cup 2024"]
[Site "Saint Louis"]
[Date "2024.08.19"]
[Round "1.3"]
[White "Nepomniachtchi, Ian"]
[Black "Vachier-Lagrave, Maxime"]
[Result "1/2-1/2"]
[ECO "C56"]
[WhiteElo "2767"]
[BlackElo "2721"]
[Annotator "TA"]
[PlyCount "76"]
[EventDate "2024.08.09"]
[EventType "tourn"]
[EventCountry "USA"]
[SourceTitle "playchess.com"]
[Source "ChessBase"]
[SourceQuality "1"]
[TimeControl "40/5400+30:1800+30"]

1. e4 e5 2. Nf3 Nc6 3. Bc4 Nf6 4. d4 exd4 5. e5 d5 6. Bb5 Ne4 7. Nxd4 Bd7 8. Bxc6 bxc6 9. O-O Be7 10. f3 Nc5 11. f4 O-O 12. f5 Ne4 13. Nc3 {[%emt 0:05:19] aiming for Nxe4.} Re8 14. Nxe4 dxe4 15. e6 fxe6 16. fxe6 Bc8 17. Be3 {[%emt 0:00:30][%cal Od1h5] [#] Qh5! is the strong threat.} Bf6 18. Nxc6 Qxd1 19. Raxd1 Rxe6 20. Nd4 Rd6 21. Nb5 Rc6 22. c3 Bg4 23. Rd2 Rb8 24. h3 Bh5 {[%emt 0:06:45] This pair of bishops is nice.} ({Don't blunder} 24... Bxh3 $2 25. Nxa7 Ra6 26. gxh3 $18) 25. Nxa7 Ra6 26. a4 {[%emt 0:00:05] The position is equal.} Be8 27. Nb5 $1 Bxb5 28. axb5 Rxb5 29. g3 h5 30. Re2 Kh7 31. Bc1 Re6 32. Bf4 c6 33. Rfe1 Kg6 34. Kg2 Kf5 35. Rf1 Kg6 36. Rfe1 Kf5 37. Rf1 Kg6 38. Rfe1 Kf5 {[%emt 0:00:14] A balanced but interesting game.   Weighted Error Value: White=0.01 (flawless) /Black=0.01 (flawless) .  Inaccurate:     	White=1     	---        OK:         	White=7     	Black=17     Best:        	---       	Black=1      Strong:       	White=1     	---} 1/2-1/2

[Event "GCT 11th Sinquefield Cup 2024"]
[Site "Saint Louis"]
[Date "2024.08.19"]
[Round "1.4"]
[White "Ding, Liren"]
[Black "Gukesh D"]
[Result "1/2-1/2"]
[ECO "C54"]
[WhiteElo "2745"]
[BlackElo "2766"]
[Annotator "TA"]
[PlyCount "55"]
[EventDate "2024.08.09"]
[EventType "tourn"]
[EventCountry "USA"]
[SourceTitle "playchess.com"]
[Source "ChessBase"]
[SourceQuality "1"]
[TimeControl "40/5400+30:1800+30"]

1. e4 e5 2. Nf3 Nc6 3. Bc4 Bc5 4. O-O Nf6 5. d3 d6 6. c3 a5 7. Re1 O-O 8. h3 Be6 9. Bb5 Ba7 10. Be3 Bxe3 11. Rxe3 Ne7 12. d4 Ng6 13. Bf1 d5 14. Nbd2 Nxe4 15. Nxe5 Nxe5 16. dxe5 Nxd2 17. Qxd2 c5 18. Rg3 (18. f4 {simplifies} d4 19. cxd4 Qxd4 20. Qxd4 cxd4 21. Ra3) 18... d4 19. Qh6 g6 20. Bd3 (20. Re1 $14 Qd5 21. Rf3) 20... c4 $11 {[%emt 0:07:51] The position is equal.} 21. Be4 d3 22. Bxg6 fxg6 23. Rxg6+ hxg6 24. Qxg6+ Kh8 25. Qh6+ Kg8 26. Qg6+ Kh8 27. Qh6+ Kg8 28. Qg6+ {[%emt 0:00:13] Weighted Error Value: White=0.07 (flawless) /Black=0.05 (flawless) .  Mistake:       	White=1     	---        OK:         	White=9     	Black=7      Best:        	White=2     	---} 1/2-1/2

[Event "GCT 11th Sinquefield Cup 2024"]
[Site "Saint Louis"]
[Date "2024.08.19"]
[Round "1.5"]
[White "So, Wesley"]
[Black "Giri, Anish"]
[Result "1/2-1/2"]
[ECO "A14"]
[WhiteElo "2751"]
[BlackElo "2746"]
[Annotator "TA"]
[PlyCount "82"]
[EventDate "2024.08.09"]
[EventType "tourn"]
[EventCountry "USA"]
[SourceTitle "playchess.com"]
[Source "ChessBase"]
[SourceQuality "1"]
[TimeControl "40/5400+30:1800+30"]

1. c4 Nf6 2. Nf3 e6 3. g3 d5 4. Bg2 Be7 5. O-O O-O 6. b3 c5 7. Bb2 Nc6 8. e3 d4 9. exd4 cxd4 10. Re1 Re8 11. d3 a5 12. Ne5 Nxe5 13. Rxe5 Nd7 {[%emt 0:01:20] Black has an edge.} 14. Re1 e5 15. Na3 Bb4 16. Rf1 Nc5 {[%emt 0:22:09] [#] ...Bf5 is the strong threat.} 17. Nb5 $1 Bf5 18. a3 Bc3 19. Nxc3 (19. Bxc3 {simplifies} dxc3 20. Nxc3 Bxd3 21. Re1) 19... dxc3 20. Bxc3 Qxd3 21. Rc1 (21. Qxd3 {simplifies} Bxd3 22. Rfe1 Nxb3 23. Bxb7 Nxa1 24. Bxa8 Rxa8 25. Rxa1 f6 26. c5) 21... a4 22. b4 Nb3 23. Qxd3 Bxd3 24. Bxb7 {[%emt 0:00:06][%cal Oc1d1] [#] Hoping for Rcd1! A strong pair of Bishops.} Rab8 25. Bc6 Bxc4 $1 26. Bxe8 ({Much worse is} 26. Bxe5 Nxc1 27. Rxc1 Rxe5 $17) 26... Rxe8 27. Rfe1 Nxc1 28. Rxc1 $11 {[%emt 0:00:02][%cal Oc3e5][%mdl 4096] Endgame. KRB-KRB} Bb5 29. Bd2 f6 30. Rc5 Rb8 31. f4 exf4 32. Bxf4 Rb7 33. Kf2 Kf7 34. h4 Ke6 35. g4 h6 36. g5 hxg5 37. hxg5 Bd7 38. Ke3 Bb5 39. Kf2 Bd7 40. Ke3 Bb5 41. Kf2 (41. gxf6 $5 gxf6 42. Bc7 $11) 41... Bd7 {Weighted Error Value: White=0.09 (flawless) /Black=0.08 (flawless) .  Inaccurate:     	White=2     	Black=4      OK:         	White=11    	Black=17     Best:        	White=3     	Black=1      Strong:       	White=1     	Black=1} 1/2-1/2

[Event "GCT 11th Sinquefield Cup 2024"]
[Site "Saint Louis"]
[Date "2024.08.20"]
[Round "2.1"]
[White "Giri, Anish"]
[Black "Ding, Liren"]
[Result "1/2-1/2"]
[ECO "C54"]
[WhiteElo "2746"]
[BlackElo "2745"]
[Annotator "TA"]
[PlyCount "46"]
[EventDate "2024.08.09"]
[EventType "tourn"]
[EventCountry "USA"]
[SourceTitle "playchess.com"]
[Source "ChessBase"]
[SourceQuality "1"]
[TimeControl "40/5400+30:1800+30"]

1. e4 e5 2. Nf3 Nc6 3. Bc4 Nf6 4. d3 Bc5 5. O-O d6 6. c3 a6 7. Re1 Ba7 8. Nbd2 O-O 9. Nf1 {[%emt 0:00:00] White has an edge.} Na5 {[%emt 0:00:00] The position is equal.} 10. Bb3 Nxb3 11. axb3 Ng4 12. d4 exd4 13. Nxd4 Re8 14. Bf4 Qf6 15. Bg3 h5 {[%emt 0:02:18] ...h4 would now be deadly.} 16. Nf3 h4 17. Bxh4 Qxh4 18. Nxh4 Nxf2 19. Qf3 Nh3+ $1 (19... Nxe4+ $2 20. Kh1 $18) 20. Kh1 Nf2+ 21. Kg1 Nh3+ $1 (21... Nxe4+ $2 {is the wrong capture.} 22. Kh1 $18) 22. Kh1 Nf2+ 23. Kg1 Nh3+ $1 {[%emt 0:01:58] A rather calm draw.   Weighted Error Value: White=0.06 (flawless) /Black=0.02 (flawless) .  OK:         	White=5     	Black=8      Best:        	White=2     	Black=1      Strong:       	---       	Black=3} (23... Nxe4+ $2 {loses.} 24. Ne3 Nd2 25. Qg3 $18) 1/2-1/2

[Event "GCT 11th Sinquefield Cup 2024"]
[Site "Saint Louis"]
[Date "2024.08.20"]
[Round "2.2"]
[White "Gukesh D"]
[Black "Nepomniachtchi, Ian"]
[Result "1/2-1/2"]
[ECO "E04"]
[WhiteElo "2766"]
[BlackElo "2767"]
[Annotator "TA"]
[PlyCount "119"]
[EventDate "2024.08.09"]
[EventType "tourn"]
[EventCountry "USA"]
[SourceTitle "playchess.com"]
[Source "ChessBase"]
[SourceQuality "1"]
[TimeControl "40/5400+30:1800+30"]

1. d4 Nf6 2. c4 e6 3. g3 d5 4. Bg2 dxc4 5. Nf3 Nc6 6. Qa4 Bb4+ 7. Bd2 Nd5 8. O-O {[%emt 0:00:00] E04: Open Catalan: 5 Nf3.} Bxd2 9. Nfxd2 O-O 10. e3 e5 11. Qb5 Nf6 $146 ({Predecessor:} 11... Be6 12. Qxb7 Qd7 13. Qb5 exd4 14. exd4 Rab8 15. Qc5 Ndb4 16. Na3 Nxd4 17. Ndxc4 Nd3 18. Qxa7 Nxb2 {0-1 Duarte Napoles,F (2268)-Rodriguez Hernandez,L (2318) Camajuani Guerrilleritos-A 2018 (8)}) 12. dxe5 a6 13. Qxc4 Nxe5 14. Qc2 c6 15. Nc3 a5 16. Rad1 Qe7 17. h3 Be6 18. f4 Nc4 19. Nxc4 Bxc4 20. Rfe1 b5 21. e4 Rad8 22. b3 Be6 ({Not} 22... Bxb3 $2 23. Qxb3 (23. axb3 Qc5+ 24. Kh1 b4 $16) 23... a4 24. Qb2 $18) 23. Qf2 (23. Rc1 $16) 23... Qb4 24. Qe3 Rxd1 25. Rxd1 Re8 26. g4 h6 27. Qd4 Qxd4+ 28. Rxd4 c5 29. Rd2 c4 30. bxc4 ({Much less strong is} 30. Nxb5 cxb3 31. axb3 Bxb3 $14) 30... Bxc4 31. e5 $1 b4 32. Na4 Bb5 33. Nc5 Rc8 34. Nb7 Nd7 {[%emt 0:00:04] [#]} 35. Kf2 (35. Nd6 $1 $16 Rc1+ 36. Kf2) 35... Rc3 $11 ({Don't go for} 35... Rc4 $2 36. Nd6 Rxf4+ 37. Kg3 $18) 36. Nd6 Bc6 (36... Ba4 $11) 37. Bxc6 $16 Rxc6 38. Nxf7 $1 Nc5 39. Nd6 a4 40. Ke3 b3 {[%emt 0:00:08] [#]} 41. axb3 ({White should play} 41. Nc4 $1 $16) 41... axb3 $14 42. Ne4 (42. Nc4 $14) 42... Na4 43. Rd8+ Kf7 44. Rb8 b2 45. Rb7+ Kf8 46. Nd2 Rb6 47. Rxb6 Nxb6 48. Kd4 Ke7 49. f5 Nd7 50. h4 Ke8 51. g5 hxg5 52. hxg5 g6 53. fxg6 Nf8 54. g7 Ne6+ 55. Kc3 Kf7 56. Kxb2 Nxg5 57. Kc3 Kxg7 58. Kd4 Nf7 59. Ne4 Nxe5 60. Kxe5 1/2-1/2

[Event "GCT 11th Sinquefield Cup 2024"]
[Site "Saint Louis"]
[Date "2024.08.20"]
[Round "2.3"]
[White "Abdusattorov, Nodirbek"]
[Black "Firouzja, Alireza"]
[Result "1/2-1/2"]
[ECO "C65"]
[WhiteElo "2762"]
[BlackElo "2751"]
[Annotator "TA"]
[PlyCount "91"]
[EventDate "2024.08.09"]
[EventType "tourn"]
[EventCountry "USA"]
[SourceTitle "playchess.com"]
[Source "ChessBase"]
[SourceQuality "1"]
[TimeControl "40/5400+30:1800+30"]

1. e4 e5 2. Nf3 Nc6 3. Bb5 Nf6 4. d3 Bc5 5. O-O Nd4 6. Nxd4 Bxd4 7. Ba4 c6 8. c3 Bb6 9. Na3 d6 10. Bb3 a5 11. Qe2 a4 12. Bc2 h6 13. Nc4 Ba7 14. d4 Bg4 15. Qd3 b5 (15... O-O $5) 16. Ne3 Be6 17. d5 cxd5 18. Nxd5 Bd7 19. Be3 a3 20. Bb3 {[%emt 0:03:37] Black must now prevent Nxf6+.} axb2 21. Rab1 O-O 22. Rxb2 Bc6 23. Bxa7 Rxa7 24. Qe3 Ra6 25. Nxf6+ (25. Nb4 $5 Rb6 $8 26. f3 $11) 25... Qxf6 26. Rd1 {[%emt 0:01:27] The position is equal.} Rc8 27. c4 bxc4 28. Bxc4 Ra4 29. Rc2 {[%emt 0:02:47][%cal Oc4b5] Strongly threatening Bb5!} Bd7 30. Qc1 Qf4 {[%emt 0:08:50] [#]} 31. Bxf7+ $1 Qxf7 32. Rxc8+ Bxc8 33. Qxc8+ $11 {[%emt 0:00:08][%mdl 4096] Endgame. KQR-KQR} Kh7 34. f3 (34. Rxd6 {is a self mate.} Rxa2) 34... Rxa2 35. h3 Qg6 {[%emt 0:01:34][%csl Ga2][%cal Rg6g2] [#]} 36. Qg4 Qxg4 37. hxg4 {[%emt 0:00:06] KR-KR} Ra6 38. Kh2 Kg6 39. Kg3 Kf6 40. Rc1 Ra2 41. Rc7 Rb2 42. Kh3 Ra2 43. Kg3 Rb2 44. Kh3 Ra2 45. Kg3 Rb2 46. Kh3 {[%emt 0:00:08] A balanced but interesting game.   Weighted Error Value: White=0.03 (flawless) /Black=0.02 (flawless) .  Inaccurate:     	White=1     	---        OK:         	White=15    	Black=19     Best:        	---       	Black=1} 1/2-1/2

[Event "GCT 11th Sinquefield Cup 2024"]
[Site "Saint Louis"]
[Date "2024.08.20"]
[Round "2.4"]
[White "So, Wesley"]
[Black "Caruana, Fabiano"]
[Result "1/2-1/2"]
[ECO "E51"]
[WhiteElo "2751"]
[BlackElo "2793"]
[Annotator "TA"]
[PlyCount "83"]
[EventDate "2024.08.09"]
[EventType "tourn"]
[EventCountry "USA"]
[SourceTitle "playchess.com"]
[Source "ChessBase"]
[SourceQuality "1"]
[TimeControl "40/5400+30:1800+30"]

1. d4 Nf6 2. c4 e6 3. Nc3 Bb4 4. e3 O-O 5. Bd3 d5 6. a3 dxc4 7. Bxc4 Bd6 8. Nf3 Nc6 9. O-O e5 10. d5 Ne7 11. e4 a6 12. a4 h6 13. h3 Bd7 14. Re1 Rc8 15. Be3 c6 16. dxc6 Bxc6 17. Qb3 {[%emt 0:02:02] White wants to play Bb6.} Ng6 (17... Nxe4 $2 18. Nxe4 (18. Bb6 Nc5 $18) 18... Bb8 (18... Bxe4 $2 19. Bb6 $18) 19. Bb6 $18) (17... Bxe4 $2 18. Bb6 Bc7 19. Rad1 $18 (19. Nxe4 Bxb6 20. Nxe5 Qc7 $18) (19. Nxe4 Bxb6 20. Nxe5 Nxe4 $18)) 18. Rad1 {[%emt 0:06:15] Bc5 would now be deadly.} Qe7 (18... Nxe4 $2 {too greedy.} 19. Nxe4 (19. Bb6 Nxc3 20. Bxd8 Nxd1 $18) 19... Bxe4 20. Bb6 $18) 19. Nd5 Nxd5 20. Bxd5 Bb4 {[%emt 0:05:18] [#] ...Bxd5 is the strong threat. The position is equal.} 21. Rf1 Bc5 22. Bxc5 Qxc5 23. Rfe1 b5 24. Bxc6 Rxc6 25. Rd5 Qc2 26. Qxc2 Rxc2 27. axb5 Nf4 28. Rd7 ({Of course not} 28. Rxe5 Nd3 29. bxa6 Nxe1 30. Nxe1 Rxb2 $17) 28... axb5 29. b4 Rb2 30. Nxe5 Rxb4 31. Nd3 Nxd3 32. Rxd3 $11 {[%emt 0:00:03][%mdl 4096] Endgame. KRR-KRR} Rb8 33. Rd7 Rc4 34. e5 b4 {[%emt 0:02:01] [#] aiming for ...b3.} 35. e6 fxe6 36. Rxe6 b3 37. Ree7 b2 38. Rxg7+ Kh8 (38... Kf8 $5 39. Rgf7+ $8 Ke8 40. Rfe7+ Kf8 41. Rf7+ Kg8 42. Rg7+ Kf8 43. Rgf7+ $11) 39. Rh7+ Kg8 40. Rhg7+ $1 Kh8 (40... Kf8 $5 41. Rgf7+ $8 Kg8 42. Rg7+ $11) 41. Rh7+ Kg8 42. Rhg7+ $1 {[%emt 0:00:07] Not much happened in this game.   Weighted Error Value: White=0.03 (flawless) /Black=0.02 (flawless) .  Inaccurate:     	White=1     	---        OK:         	White=16    	Black=16     Best:        	White=4     	Black=2      Strong:       	White=2     	---} 1/2-1/2

[Event "GCT 11th Sinquefield Cup 2024"]
[Site "Saint Louis"]
[Date "2024.08.20"]
[Round "2.5"]
[White "Vachier-Lagrave, Maxime"]
[Black "Praggnanandhaa R"]
[Result "1/2-1/2"]
[ECO "C54"]
[WhiteElo "2721"]
[BlackElo "2749"]
[Annotator "TA"]
[PlyCount "64"]
[EventDate "2024.08.09"]
[EventType "tourn"]
[EventCountry "USA"]
[SourceTitle "playchess.com"]
[Source "ChessBase"]
[SourceQuality "1"]
[TimeControl "40/5400+30:1800+30"]

1. e4 e5 2. Nf3 Nc6 3. Bc4 Bc5 4. c3 Nf6 5. d3 a6 6. O-O Ba7 7. Nbd2 d6 8. a4 O-O 9. h3 {[%emt 0:00:00] White has an edge.} h6 10. Re1 Qe7 11. Nf1 Be6 12. b3 Rfe8 13. Be3 Bxe3 14. Nxe3 Qd7 15. Bxe6 Qxe6 16. b4 d5 17. Qb3 dxe4 18. Qxe6 fxe6 19. dxe4 Nxe4 20. Nd1 Nf6 21. Nxe5 Nxe5 22. Rxe5 Rad8 23. Ne3 Nd5 24. Rc1 Nxe3 25. Rxe3 $11 {[%emt 0:00:21][%mdl 4096] Endgame. KRR-KRR} Rd5 26. Rce1 Kf7 27. Rf3+ Kg8 28. Re4 Re7 29. Rfe3 Kf7 30. Rf3+ Kg8 31. Rfe3 Kf7 32. Rf3+ Kg8 {[%emt 0:00:17] A balanced but interesting game.   Weighted Error Value: White=0.06 (flawless) /Black=0.05 (flawless) .  OK:         	White=10    	Black=10} 1/2-1/2

[Event "GCT 11th Sinquefield Cup 2024"]
[Site "Saint Louis"]
[Date "2024.08.21"]
[Round "3.1"]
[White "Praggnanandhaa R"]
[Black "Gukesh D"]
[Result "1/2-1/2"]
[ECO "E11"]
[WhiteElo "2749"]
[BlackElo "2766"]
[Annotator "TA"]
[PlyCount "124"]
[EventDate "2024.08.09"]
[EventType "tourn"]
[EventCountry "USA"]
[SourceTitle "playchess.com"]
[Source "ChessBase"]
[SourceQuality "1"]
[TimeControl "7200+30"]

1. d4 d5 2. Nf3 Nf6 3. c4 e6 4. g3 Bb4+ 5. Bd2 Be7 6. Bg2 O-O 7. O-O c6 8. Qc2 Nbd7 9. Rd1 a5 10. Bf4 b6 11. Nbd2 Nh5 12. Be5 Ba6 13. e4 Rc8 14. Rac1 Bb7 15. Qb3 f6 16. Bf4 f5 17. exd5 Nxf4 18. gxf4 cxd5 19. Ne5 Bb4 20. Nxd7 Qxd7 21. cxd5 Bxd5 (21... Rxc1 22. Rxc1 exd5 (22... Bxd2 23. dxe6 a4 24. Qd3 $14) 23. Nf3 $16) 22. Bxd5 Qxd5 23. Qxd5 exd5 24. Nf3 Kf7 25. Kg2 Ke6 26. a4 Bd6 27. Re1+ (27. Ng5+ Ke7 28. Kf3 (28. Nxh7 $2 Bxf4 29. Rxc8 Rxc8 $17) (28. Re1+ Kd7 $17) 28... h6 $17) 27... Kd7 28. Ne5+ Bxe5 29. fxe5 $11 {[%emt 0:00:30][%mdl 4096] Endgame. KRR-KRR} Ke6 30. b3 g5 {[%emt 0:04:48] [#]} 31. f4 $1 gxf4 (31... h6 32. Rf1) 32. Kf3 Rg8 $1 (32... Rxc1 $2 33. Rxc1 Kd7 34. Kxf4 $18) 33. Rg1 (33. Rxc8 Rxc8 34. Kxf4 Rc2 $11) 33... Rxg1 34. Rxc8 $14 {[%emt 0:00:19] KR-KR} Kd7 {[%emt 0:02:04] Dodges Rc6} (34... Rf1+ $14 35. Ke2 Rh1) 35. Rb8 $1 $18 Kc7 (35... Rd1 {was called for.}) 36. Rh8 Rf1+ (36... Kc6 $142 37. Kxf4 Kd7 38. Rxh7+ Ke6 39. Rh6+ Ke7 40. Rxb6 (40. Kxf5 Rf1+ 41. Kg4 Rg1+ 42. Kf4 Rf1+ 43. Ke3 Rh1 $18) 40... Rf1+ 41. Kg5 Rd1) 37. Ke2 Rb1 38. Rxh7+ Kc6 39. Rh6+ $2 (39. h4) 39... Kc7 {[%emt 0:00:01] [#]} (39... Kb7 $142 40. Rh7+ Kc6) 40. Rh7+ $2 (40. h4 $1) 40... Kc6 {[%emt 0:00:01] [#]} 41. h4 $1 Rb2+ 42. Kf3 Rxb3+ 43. Kxf4 Rb4 44. h5 {[%emt 0:02:49] h6 would now be deadly.} Rxd4+ 45. Kxf5 Rd1 46. e6 d4 47. Rd7 {[%emt 0:01:08] Strongly threatening Rd8.} Rf1+ 48. Kg6 Rg1+ 49. Kf7 {[%emt 0:00:06] Threatening mate with e7.} Rf1+ 50. Ke8 $2 ({Better is} 50. Ke7 $18) 50... Rh1 $11 {[%emt 0:00:19] The position is equal.} 51. e7 (51. Rxd4 Rxh5 52. Kf7 b5) 51... Rxh5 {[%emt 0:00:11] ( -> ...Rh8+)} 52. Rxd4 b5 {[%emt 0:01:17] Prevents Rc4+.} 53. Kf7 Rh7+ 54. Ke6 Rxe7+ 55. Kxe7 {[%emt 0:00:02] Kf6 would kill now.} bxa4 56. Rxa4 {[%emt 0:01:03] KR-KP} Kb5 57. Rh4 a4 $1 58. Kd6 a3 59. Rh2 Kc4 60. Kc6 Kb3 61. Kb5 {[%emt 0:00:13] White wants to mate with Rh3+.} a2 62. Rxa2 Kxa2 {[%emt 0:00:01] Blacks defense is rewarded with a draw.   Weighted Error Value: White=0.33/Black=0.15 (very precise) .  Missed win:     	White=1     	---        Mistake:       	White=2     	Black=4      Inaccurate:     	White=1     	Black=3      OK:         	White=17    	Black=17     Best:        	White=3     	Black=9      Strong:       	White=2     	Black=2} 1/2-1/2

[Event "GCT 11th Sinquefield Cup 2024"]
[Site "Saint Louis"]
[Date "2024.08.21"]
[Round "3.2"]
[White "Firouzja, Alireza"]
[Black "Vachier-Lagrave, Maxime"]
[Result "1/2-1/2"]
[ECO "D02"]
[WhiteElo "2751"]
[BlackElo "2721"]
[Annotator "TA"]
[PlyCount "79"]
[EventDate "2024.08.09"]
[EventType "tourn"]
[EventCountry "USA"]
[SourceTitle "playchess.com"]
[Source "ChessBase"]
[SourceQuality "1"]
[TimeControl "7200+30"]

1. Nf3 d5 2. d4 Nf6 3. Bf4 c5 4. e3 Nc6 5. Nbd2 Nh5 6. dxc5 {[%emt 0:00:08] D02: 1 d4 d5 2 Nf3 sidelines, including 2...Nf6 3 g3 and 2...Nf6 3 Bf4.} Nxf4 7. exf4 g6 $1 {[%emt 0:00:26] 7...g6 is better than 7...Qa5.} 8. c3 Bh6 9. Qa4 O-O 10. Bb5 Qc7 11. Bxc6 bxc6 12. Ne5 Bb7 13. g3 $146 ({Predecessor:} 13. Ndf3 f6 14. Nd3 e5 15. fxe5 fxe5 16. Nfxe5 Rae8 17. O-O Rxe5 18. Nxe5 Qxe5 19. Qxa7 {1-0 Tang,A (2522)-Nasuta,G (2535) Titled Tuesday intern op 21st Feb Late blitz 2023 (7)}) 13... f6 14. Ng4 Bg7 15. h4 h5 16. Ne3 e5 17. O-O-O Rae8 (17... Bh6 $14) 18. f5 $16 (18. Qxa7 $6 Ra8 19. Qb6 Qxb6 20. cxb6 Rxa2 $11) 18... Bc8 19. g4 e4 ({Black should play} 19... gxf5 20. Nxf5 (20. gxh5 Kh7 $17) (20. gxf5 Kh8 $11) 20... Bxf5 21. gxf5 Kh7) 20. Rdg1 ({Worse is} 20. fxg6 Bxg4 21. Nxg4 hxg4 $15) (20. Nb3 $142) 20... hxg4 $16 21. Rxg4 ({White must play} 21. h5 $1 $16 Bxf5 22. hxg6) 21... gxf5 $11 22. Rg6 (22. Rgg1 $1 $11) 22... f4 $17 23. Rhg1 Re7 $1 24. Nc2 Bf5 25. R6g2 {[%emt 0:00:56] [#]} f3 $1 26. Nd4 Bd7 (26... fxg2 $2 27. Nxf5 Re5 28. Nd4 $17) 27. Rg6 {[%emt 0:05:03] [#]} Kh7 $1 28. Nf1 Bh6+ 29. Kb1 ({Don't blunder} 29. Ne3 $2 Bxe3+ 30. fxe3 f2 $19) 29... Rg7 30. Rxg7+ Bxg7 31. a3 f5 32. h5 (32. Qd1 $17) 32... Be5 ({But not} 32... f4 33. Nh2) 33. Rg6 Rf6 34. Rg1 Rh6 35. Ne3 (35. Ng3 $17) 35... Rxh5 $19 36. Qb3 Qb8 37. Qa4 Qc7 38. Qb3 $1 Qb8 39. Qa4 Qc7 40. Qb3 $1 1/2-1/2

[Event "GCT 11th Sinquefield Cup 2024"]
[Site "Saint Louis"]
[Date "2024.08.21"]
[Round "3.3"]
[White "Ding, Liren"]
[Black "So, Wesley"]
[Result "1/2-1/2"]
[ECO "C54"]
[WhiteElo "2745"]
[BlackElo "2751"]
[Annotator "TA"]
[PlyCount "97"]
[EventDate "2024.08.09"]
[EventType "tourn"]
[EventCountry "USA"]
[SourceTitle "playchess.com"]
[Source "ChessBase"]
[SourceQuality "1"]
[TimeControl "7200+30"]

1. e4 e5 2. Nf3 Nc6 3. Bc4 Bc5 4. c3 Nf6 5. d3 d6 6. O-O a6 7. Bg5 h6 8. Bh4 Ba7 9. Nbd2 {[%emt 0:00:05] White is slightly better.} Qe7 10. Re1 O-O (10... g5 $5 11. Bg3 $8 g4 $11) 11. Bb3 g5 12. Bg3 g4 13. Nh4 {[%emt 0:22:47] Hoping for Ng6.} Nh5 14. Nf1 Qg5 15. Ne3 Bd7 16. Rc1 Ne7 17. d4 Rad8 18. Rc2 Nxg3 19. hxg3 h5 20. Rd2 Kg7 (20... exd4 $11 21. cxd4 Bb6) 21. Kh2 Rh8 22. dxe5 Qxe5 {[%emt 0:01:20] [#]} (22... Bxe3 $1 $14 23. Rxe3 Qxe5) 23. f4 $1 $18 gxf3 24. gxf3 (24. Qxf3 $6 Rhf8 $14) ({White must play} 24. Nxf3 $18 Qa5 25. e5 Bxe3 26. Rxe3) 24... Kf8 25. f4 $1 Qg7 (25... Qxe4 $2 26. Nd5 $18) 26. Qf3 (26. e5 $14 Rg8 27. Nf1 (27. Qxh5 Qxg3+ 28. Kh1 Qxe1+)) 26... Rg8 27. Nef5 {[%emt 0:04:11] Active counter play!} (27. Qxh5 {is a self mate.} Qxg3+ 28. Kh1 Qxe1+) ({White should try} 27. e5 $14 Bc5 28. e6 (28. Qxh5 Qxg3+ 29. Kh1 Qxe1+) 28... fxe6 29. f5) 27... Nxf5 $1 $11 28. Nxf5 Bxf5 (28... Qg4 {looks sharper.} 29. Bd1 Re8 30. Qg2 Qxf5 31. exf5 Rxe1 32. Qxb7 Bg1+) 29. exf5 h4 30. Rg2 {[%emt 0:00:07] [#] Threatens to win with g4.} hxg3+ 31. Rxg3 Qxg3+ (31... Qh7+ {seems wilder.} 32. Kg2 d5 33. Rxg8+ Qxg8+ 34. Qg3 Qxg3+ 35. Kxg3 c6) 32. Qxg3 Rxg3 33. Kxg3 Re8 {[%emt 0:00:07] Inhibits f6.} 34. Rxe8+ Kxe8 {[%emt 0:00:03][%mdl 4096] Endgame. KB-KB} 35. Kf3 Ke7 36. Ke4 c6 37. Bd1 d5+ 38. Kd3 Kf6 39. Bh5 b5 (39... Kxf5 40. Bxf7 a5 (40... Kxf4 41. Be6 $11) 41. a3 $11) 40. b3 a5 41. a4 bxa4 ({Much weaker is} 41... Kxf5 42. axb5 cxb5 43. Bxf7 $11) 42. bxa4 Kxf5 43. Bxf7 Kxf4 44. Be8 Ke5 45. Bxc6 {[%emt 0:00:04] The position is equal.} Bb6 46. Bb5 Ba7 47. Bc6 Bb6 48. Bb5 Ba7 49. Bc6 {[%emt 0:00:22] Weighted Error Value: White=0.12 (very precise) /Black=0.11 (very precise) .  Mistake:       	White=3     	Black=2      Inaccurate:     	White=3     	Black=3      OK:         	White=11    	Black=18     Best:        	White=1     	Black=1      Strong:       	White=2     	Black=1} 1/2-1/2